Map: Schreine von Lizul

Players

RiseAgainst - Winner!

  • Race: Terran Terran
  • League: Diamond
  • Spawn Location: 9:00

Panda - Winner!

  • Race: Zerg Zerg
  • League: Diamond
  • Spawn Location: 6:00

Xados

  • Race: Zerg Zerg
  • League: Master
  • Spawn Location: 12:00

Kove

  • Race: Terran Terran
  • League: Platinum
  • Spawn Location: 3:00

VOD

Have the link to the VOD?

Description

Time

  • Played on: Sept. 10, 2017, 4:55 p.m.
  • Length: 11:49
Show
View Real Time Build Order
Export as new Build Order

RiseAgainst Terran - Winner!

Build Orders: Reaper Expand, MMM Bio 

Get SALT Encoding   

  12  0:00  SCV  
  13  0:13  SCV  
  14  0:18  Supply Depot  
  14  0:25  SCV  
  15  0:39  SCV  
  15  0:40  Barracks  
  16  0:45  Refinery  
  16  0:51  SCV  
  17  1:03  SCV  
  18  1:15  SCV  
  19  1:27  Orbital Command  
  19  1:29  Reaper  
  20  1:45  Command Center  
  20  1:53  SCV  
  21  1:55  Supply Depot  
  21  2:02  Barracks Reactor  
  21  2:10  SCV  
  21  2:14  Refinery  
  22  2:21  Factory  
  22  2:22  SCV  
  22  2:34  SCV  
  23  2:38  Marine x2  
  25  2:47  SCV  
  26  3:01  SCV  
  27  3:09  Orbital Command  
  27  3:11  Cyclone x2  
  27  3:12  Barracks Tech Lab  
  33  3:15  SCV  
  34  3:25  Barracks  
  34  3:30  Marine  
  34  3:32  SCV  
  36  3:35  SCV  
  37  3:43  Cyclone  
  43  3:48  Cyclone  
  43  3:49  SCV  
  43  3:50  SCV  
  43  3:52  Refinery  
  43  3:55  Supply Depot  
  45  3:57  Supply Depot  
  45  3:58  Marine  
  46  4:08  Stimpack  
  46  4:16  SCV x2  
  48  4:28  SCV  
  42  4:39  Marine  
  42  4:40  Barracks Reactor  
  42  4:41  Hellion  
  42  4:42  Hellion  
  42  4:45  Barracks x3  
  47  4:50  Command Center  
  47  4:52  SCV x2  
  49  5:03  Marine  
  50  5:12  Starport  
  50  5:14  Factory Reactor, Engineering Bay, SCV x2  
  50  5:15  Engineering Bay  
  52  5:26  Marine x2, SCV x2  
  52  5:27  Marine  
  57  5:37  Barracks Reactor x2, Barracks Tech Lab  
  57  5:40  Terran Infantry Weapons Level 1  
  57  5:41  Terran Infantry Armor Level 1  
  57  5:42  SCV x2  
  59  5:44  Marine  
  59  5:48  Refinery  
  60  5:51  Supply Depot  
  60  5:52  Supply Depot  
  60  5:55  Medivac  
  60  5:56  Medivac  
  64  6:22  Orbital Command, SCV x2  
  64  6:24  Marine x5  
  64  6:25  Marine x3  
  74  6:26  Widow Mine x2  
  74  6:27  Supply Depot  
  78  6:34  SCV  
  79  6:42  Marine x3  
  82  6:47  Marine x5  
  82  6:48  Medivac x2  
  91  6:55  Orbital Command  
  91  7:00  Marine  
  92  7:04  Barracks  
  92  7:10  Marine x3  
  92  7:11  Marine x4  
  92  7:15  Armory, Supply Depot, Factory Tech Lab  
  99  7:18  Supply Depot, Marine  
  98  7:27  SCV  
  98  7:28  Marine, SCV x2  
  102  7:31  Medivac x2  
  102  7:35  Supply Depot  
  106  7:40  SCV x3  
  109  7:46  Marine x3  
  109  7:47  Marine x5  
  117  7:52  SCV x2  
  117  7:55  Missile Turret  
  119  8:04  Marine x4  
  119  8:05  Marine x2  
  125  8:08  Combat Shields  
  125  8:11  Marine x2  
  125  8:12  Terran Infantry Armor Level 2, Terran Infantry Weapons Level 2  
  127  8:17  Siege Tank  
  130  8:22  Marine  
  131  8:30  Marine x2  
  133  8:37  Marine  
  133  8:38  Marine  
  133  8:39  Marine x3  
  105  8:53  Marine x3  
  105  8:54  Medivac  
  105  8:55  Medivac, Marine, Siege Tank  
  110  8:56  Marine  
  114  9:11  Marine x5  
  114  9:12  Marine  
  114  9:13  Marine  
  114  9:14  Marine  
  121  9:27  Siege Tank  
  121  9:28  Marine  
  121  9:29  Marine  
  121  9:30  Marine x3, Marauder  
  131  9:32  Marauder  
  105  10:00  Factory  
  105  10:01  Refinery  
  105  10:02  SCV x3, Refinery  
  105  10:03  Command Center  
  105  10:04  Marine x2  
  105  10:05  Marine x6  
  116  10:08  Viking x2  
  116  10:10  Marine x2  
  116  10:14  SCV x3  
  125  10:22  Marine x3  
  125  10:23  Marine x3  
  125  10:24  Marauder  
  133  10:34  Marine, SCV, Marauder  
  137  10:36  Supply Depot  
  137  10:37  Supply Depot  
  137  10:38  Supply Depot  
  137  10:45  Marine x2, Marauder  
  141  10:57  Marine x5, Marauder  
  141  11:02  Marine x2  
  141  11:03  Marine  
  151  11:06  Marauder  
  148  11:15  Marine x2  
  146  11:19  Marauder  
  146  11:24  Marine x2  
  146  11:25  Marine x4  
  150  11:28  Marauder  
Show
View Real Time Build Order
Export as new Build Order

Panda Zerg - Winner!

Build Orders: Pool First 

Get SALT Encoding   

  12  0:01  Drone  
  13  0:12  Drone  
  14  0:32  Overlord  
  14  0:37  Spawning Pool  
  14  0:40  Drone  
  14  0:53  Extractor, Drone x2  
  15  1:01  Drone  
  16  1:04  Drone  
  17  1:15  Drone  
  18  1:32  Queen  
  20  1:34  Zergling x2  
  21  1:41  Hatchery  
  20  1:47  Drone  
  20  1:48  Drone  
  22  2:15  Overlord x2  
  22  2:16  Metabolic Boost  
  21  2:45  Zergling x4  
  21  2:50  Drone x4  
  27  2:56  Queen  
  27  2:57  Drone  
  29  3:11  Drone x2  
  35  3:20  Drone x4  
  35  3:22  Drone  
  36  3:36  Zergling x4  
  36  3:37  Zergling x2  
  39  3:41  Hatchery  
  39  3:45  Drone  
  38  4:10  Drone  
  38  4:11  Zergling x2  
  38  4:12  Zergling x10  
  41  4:23  Spine Crawler x2  
  37  4:28  Spine Crawler  
  32  4:45  Zergling x12  
  35  4:48  Spine Crawler  
  35  4:49  Drone x3  
  37  5:03  Roach Warren  
  36  5:08  Spine Crawler, Drone x2  
  36  5:11  Drone x2  
  36  5:12  Drone x2  
  41  5:14  Queen  
  41  5:17  Drone x2  
  45  5:44  Drone x3  
  45  5:45  Overlord x2, Drone x2  
  45  5:46  Overlord x2  
  49  6:01  Evolution Chamber  
  49  6:02  Evolution Chamber  
  47  6:04  Roach  
  47  6:05  Roach x6  
  61  6:12  Spore Crawler  
  61  6:13  Spore Crawler  
  61  6:16  Queen  
  61  6:20  Drone x2  
  61  6:22  Extractor  
  61  6:25  Extractor, Drone x2  
  63  6:26  Queen  
  63  6:29  Drone  
  66  6:33  Drone x2  
  66  6:38  Lair  
  66  6:39  Drone x2  
  70  6:55  Roach  
  70  6:56  Overlord x2  
  72  7:06  Overlord x4  
  72  7:17  Zerg Ground Armor Level 1  
  72  7:28  Zerg Missile Weapons Level 1  
  72  7:32  Drone x5  
  72  7:35  Roach x2  
  81  7:50  Roach x5  
  91  7:54  Drone x4  
  95  8:01  Glial Reconstitution  
  95  8:17  Roach  
  95  8:18  Roach x4  
  105  8:33  Zergling x2  
  109  8:34  Zergling x22  
  110  8:55  Roach x6  
  116  9:01  Roach x4  
  104  9:08  Drone  
  105  9:15  Roach  
  99  9:30  Roach  
  99  9:31  Roach x6  
  85  9:37  Roach  
  80  9:47  Zergling x10  
  85  9:58  Roach  
  85  9:59  Roach x2  
  91  10:10  Infestation Pit  
  90  10:15  Extractor  
  90  10:18  Roach x3  
  90  10:19  Roach x3  
  101  10:29  Zergling x10  
  106  10:47  Roach  
  106  10:48  Roach  
  110  11:03  Roach  
  110  11:04  Roach x4  
  103  11:11  Roach x2  
  105  11:12  Roach, Zergling x2  
  105  11:13  Zergling x14  
Show
View Real Time Build Order
Export as new Build Order

Xados Zerg 

Build Orders: Pool First 

Get SALT Encoding   

  12  0:02  Drone  
  13  0:13  Overlord  
  13  0:19  Drone  
  14  0:31  Drone x2  
  17  0:35  Drone  
  17  0:46  Spawning Pool  
  17  0:50  Drone  
  17  1:14  Drone  
  17  1:17  Extractor  
  17  1:21  Hatchery  
  16  1:26  Drone  
  16  1:27  Drone  
  18  1:40  Spine Crawler  
  18  1:43  Zergling x2  
  18  1:44  Queen  
  20  1:51  Zergling x2  
  20  1:53  Zergling x2  
  22  2:06  Overlord  
  22  2:24  Overlord  
  22  2:26  Queen  
  24  2:41  Drone x3  
  27  2:50  Metabolic Boost  
  27  3:02  Baneling Nest  
  26  3:11  Drone x2  
  26  3:12  Zergling x2  
  29  3:13  Zergling x2  
  29  3:14  Zergling x2  
  31  3:27  Zergling x2  
  31  3:28  Zergling x6  
  35  3:36  Zergling x2  
  35  3:37  Zergling x6  
  39  3:56  Zergling x2  
  39  3:57  Zergling x8  
  44  4:05  Overlord x2  
  44  4:15  Overlord  
  44  4:23  Zergling x10  
  48  4:30  Zergling x2  
  33  4:42  Zergling x4  
  33  4:50  Lair  
  33  4:52  Roach Warren  
  32  5:02  Drone  
  32  5:03  Drone x4  
  37  5:07  Extractor  
  37  5:08  Drone x3  
  37  5:09  Drone  
  40  5:17  Extractor  
  39  5:21  Drone  
  39  5:22  Drone x2  
  39  5:23  Evolution Chamber  
  39  5:24  Drone  
  39  5:25  Drone x2  
  44  5:45  Drone  
  44  5:46  Drone x5  
  44  5:48  Glial Reconstitution  
  50  5:59  Roach x4  
  56  6:05  Roach  
  56  6:06  Roach x2  
  62  6:12  Overlord x2  
  62  6:21  Overlord x2  
  62  6:29  Overlord x2  
  62  6:45  Roach  
  62  6:46  Roach x4  
  72  6:49  Ravager x3  
  72  6:50  Ravager x2  
  76  7:02  Drone  
  76  7:06  Hatchery  
  76  7:13  Baneling Nest  
  75  7:17  Roach x8  
  89  7:25  Evolution Chamber  
  89  7:26  Centrifical Hooks  
  89  7:31  Drone  
  90  7:38  Baneling  
  90  7:39  Baneling x6  
  90  7:40  Zergling x6  
  90  7:41  Zergling x8  
  97  7:50  Drone  
  98  7:56  Zerg Ground Armor Level 1  
  98  7:57  Zergling x2  
  98  7:58  Overlord x3  
  99  8:03  Overlord x2  
  99  8:17  Queen  
  101  8:26  Spore Crawler  
  101  8:27  Spore Crawler  
  85  8:46  Roach x13  
  104  8:53  Roach x2  
  100  9:06  Drone  
  101  9:13  Queen  
  103  9:19  Drone x3  
  103  9:21  Drone  
  103  9:22  Drone x4  
  107  9:30  Roach x4  
  92  9:33  Roach  
  92  9:36  Roach  
  92  9:37  Roach x2  
  80  9:40  Roach  
  80  9:45  Roach  
  82  9:46  Roach  
  78  9:54  Zergling x2  
  78  9:55  Zergling x2  
  78  9:58  Zergling x2  
  78  9:59  Zergling x2  
  82  10:02  Zergling x2  
  83  10:10  Roach x2  
  87  10:17  Hydralisk Den  
  86  10:25  Drone  
  86  10:26  Drone x7  
  94  10:34  Drone x3  
  94  10:35  Extractor  
  96  10:38  Drone  
  96  10:39  Queen, Drone  
  100  10:51  Baneling x9  
  100  10:52  Baneling  
  100  10:56  Roach x6  
  100  10:57  Roach  
  114  11:08  Hydralisk  
  114  11:09  Hydralisk x4  
  103  11:24  Roach x3  
  103  11:25  Roach x4  
Show
View Real Time Build Order
Export as new Build Order

Kove Terran 

Build Orders: Reaper Expand, Mech 

Get SALT Encoding   

  12  0:02  SCV  
  13  0:15  SCV  
  13  0:19  Supply Depot  
  14  0:28  SCV  
  15  0:32  Refinery  
  15  0:42  Barracks  
  15  0:46  SCV  
  16  0:58  SCV  
  17  1:11  SCV  
  18  1:23  SCV  
  19  1:31  Reaper  
  20  1:35  Supply Depot  
  20  1:41  Orbital Command  
  20  2:08  Command Center  
  19  2:15  Marine  
  19  2:18  SCV  
  21  2:30  SCV  
  23  2:49  Barracks Reactor  
  22  2:54  Factory  
  22  2:55  SCV, Refinery  
  22  2:58  Supply Depot  
  23  3:07  SCV  
  24  3:19  SCV  
  25  3:23  Orbital Command  
  25  3:31  SCV  
  25  3:34  Factory  
  26  3:39  Orbital Command  
  26  3:43  SCV  
  26  3:48  Barracks Tech Lab  
  27  3:55  Hellion x2  
  31  4:01  Starport  
  31  4:16  Hellion x2  
  35  4:32  Barracks Reactor  
  33  4:51  Hellion x2  
  37  4:55  Siege Tank, Infernal Pre-Igniter  
  37  4:59  SCV  
  41  5:01  SCV  
  42  5:11  SCV  
  42  5:13  SCV, Hellion  
  46  5:20  Refinery, Barracks Tech Lab  
  46  5:22  Viking, Refinery  
  46  5:23  Medivac, SCV  
  46  5:25  SCV  
  46  5:28  Hellion  
  54  5:43  Armory  
  54  6:45  Supply Depot x2, Terran Vehicle Weapons Level 1  
  54  6:47  Supply Depot x2  
  54  6:49  Supply Depot  
  54  7:07  Siege Tank, SCV x2, Hellion x2  
  63  7:09  Engineering Bay  
  63  7:12  Factory  
  63  7:15  Factory  
  63  7:19  SCV x2  
  65  7:28  Hellion x2  
  69  7:30  Engineering Bay  
  69  7:31  SCV  
  70  7:39  Hellion  
  70  7:43  SCV  
  73  7:50  Hellbat x2, Medivac x2  
  80  7:55  SCV  
  80  7:57  Factory Tech Lab  
  80  7:58  Factory Reactor  
  81  8:00  Thor  
  87  8:20  Starport  
  87  8:25  Missile Turret x2  
  87  8:27  Missile Turret  
  87  8:29  SCV x2  
  87  8:30  Missile Turret  
  89  8:39  Terran Vehicle And Ship Armor Level 1  
  90  8:41  SCV  
  90  8:42  SCV  
  91  8:50  Missile Turret  
  91  8:53  SCV  
  91  8:54  SCV  
  91  9:09  Medivac  
  93  9:24  Hellbat, Medivac  
  93  9:25  Hellbat  
  93  9:27  Supply Depot, Hellbat  
  93  9:28  Supply Depot x2  
  91  9:35  Thor  
  90  9:41  Thor  
  76  9:55  Hellbat  
  76  9:56  Hellbat x3  
  81  10:17  Hellbat x4  
  81  10:18  Thor  
  95  10:38  Command Center, Refinery  
  95  10:40  Siege Tank  
  95  10:42  Refinery  
  98  10:44  Missile Turret x2  
  95  11:01  Siege Tank  
Tags
 
Add a new tag
Caveats
  • Supply blocks, unpowered buildings, or Contaminate may cause inaccurate times.
  • Supply counts are checked every 10 seconds.